 Dungeon Crawl Stone Soup version 0.17.0-7-gfadd4cc (console) character file.

833 2d6 the Skirmisher (level 7, -15/66 HPs)
             Began as a Deep Dwarf Wanderer on Nov 8, 2015.
             Was a Believer of Elyvilon.
             Killed from afar by Erolcha (22 damage)
             ... with a bolt of lightning
             ... on level 8 of the Dungeon.
             The game lasted 00:49:41 (4491 turns).

2d6 the Skirmisher (Deep Dwarf Wanderer)            Turns: 4491, Time: 00:49:41

Health: -15/66     AC: 12    Str: 17    XL:     7   Next: 65%
Magic:  8/8        EV:  5    Int: 14    God:    Elyvilon [**....]
Gold:   236        SH:  0    Dex: 15    Spells: 0 memorised, 6 levels left

rFire  . . .     SeeInvis .     a - +1 flail
rCold  . . .     Clarity  .     R - +0 plate armour
rNeg   . . .     SustAt   .     (no shield)
rPois  .         Gourm    .     C - +0 helmet
rElec  .         Spirit   .     (no cloak)
rCorr  .         Warding  .     (no gloves)
rMut   .         Stasis   .     (no boots)
MR     +....                    G - amulet of rage
Stlth  ..........               (no ring)
                                K - +4 ring of dexterity

@: non-regenerating, drained, somewhat resistant to hostile enchantments,
extremely unstealthy
A: damage resistance, recharge devices, sense surroundings 1, slow regeneration
3
a: Device Recharging, Lesser Healing, Divine Protection, Heal Other, Renounce
Religion, Evoke Berserk Rage


You were on level 8 of the Dungeon.
You worshipped Elyvilon.
Elyvilon was pleased with you.
You were very hungry.

You visited 1 branch of the dungeon, and saw 8 of its levels.

You collected 236 gold pieces.

Inventory:

Hand Weapons
 a - a +1 flail (weapon)
 b - a +0 shortbow
 u - a +0 hunting sling
 y - a +0 mace
 D - a +0 long sword
 F - a +0 falchion
 I - a +0 blowgun
 J - a +0 war axe
 P - a cursed +3 dagger
 Q - a +0 morningstar
Missiles
 c - 77 arrows
 h - 62 bolts
 l - 101 stones (quivered)
 E - 11 poisoned needles
 H - 6 tomahawks
 L - 3 needles of confusion
Armour
 q - a +3 scale mail
 C - a +0 helmet (worn)
 R - a +0 plate armour (worn)
Jewellery
 G - an amulet of rage (around neck)
 K - a +4 ring of dexterity (left hand)
Wands
 e - a wand of heal wounds (2)
 N - a wand of polymorph (10)
Scrolls
 d - 2 scrolls of teleportation
 g - a scroll of random uselessness {unknown}
 i - a scroll of identify
 m - 2 scrolls of magic mapping
 n - a scroll of enchant weapon {unknown}
 r - 2 scrolls of enchant armour
 s - 6 scrolls of remove curse
 v - a scroll of amnesia {unknown}
 M - a scroll of blinking {unknown}
 O - 4 scrolls of noise {unknown}
Potions
 j - 3 potions of curing
 t - a potion of flight {unknown}
 w - a potion of cure mutation
 x - a potion of agility {unknown}
 z - a potion of brilliance
 A - a potion of lignification {unknown}
 B - 2 potions of heal wounds {unknown}
Comestibles
 f - 5 bread rations
 k - 2 slices of pizza
 o - 2 fruits
 p - 7 meat rations


   Skills:
 + Level 4.4(3.8) Fighting
 + Level 3.3(2.7) Maces & Flails
 + Level 3.1(2.5) Bows
 + Level 2.1(1.6) Throwing
 + Level 4.1(3.4) Armour
 - Level 2.1(1.5) Stealth
   Level 1.1(0.5) Shields
 + Level 3.5(2.9) Invocations
 + Level 3.9(3.3) Evocations


You had 6 spell levels left.
You didn't know any spells.

Dungeon Overview and Level Annotations

Branches:
Dungeon (8/15)             Temple (0/1) D:6
   Lair: D:8-11

Altars:
Dithmenos
Elyvilon
Qazlal
Ru
Sif Muna
Yredelemnul

Annotations:
D:5 Prince Ribbit
D:8 Erolcha


Innate Abilities, Weirdness & Mutations

You are resistant to damage.
You can recharge devices by infusing magical energy.
You passively map a small area around you.
You do not regenerate naturally.


Message History

You barely miss the giant frog zombie.
The giant frog zombie hits you but does no damage. x2
Your plate armour prevents you from hitting the giant frog zombie.
The giant frog zombie hits you but does no damage.
You sock the giant frog zombie!
The giant frog zombie hits you but does no damage.
The giant frog zombie barely misses you.
You thump the giant frog zombie!
You destroy the giant frog zombie!
Erolcha the Cunning comes into view.
She is wielding a giant spiked club.
Erolcha hits you with a giant spiked club!!
* * * LOW HITPOINT WARNING * * *
Press: ? - help, v - describe, . - travel
Here: Erolcha, wielding a giant spiked club and wearing an embroidered robe The floor.
Erolcha gestures wildly while chanting.
Erolcha blinks!
Erolcha casts a spell at you. The bolt of lightning hits you!
You die...

* * * ♣## ######♣* * ♣.#
##.....♣ ♣.♣♣♣ ♣.#
#......♣ ♣...♣♣.##
#......♣ ♣♣♣♣♣O♣...
######......♣♣♣..§.♣♣#.#
.......@.....♣.♣♣♣♣♣.#.#
#############O..## #.#.#
###..# #.#.# * ##.#
#.#.. * #.###.##. ≈≈
#.>...... * ≈≈≈ *
####.##.. * * * #.###. ≈
* #.# ##


You could see Erolcha.

Vanquished Creatures
  A blink frog (D:5)
  2 giant frogs (D:7)
  2 wights
  A giant frog zombie (D:8)
  A hound (D:5)
  3 orc wizards
  3 worker ants
  A hound zombie (D:5)
  Robin (D:3)
  11 adders
  An adder skeleton (D:4)
  2 worms
  10 orcs
  15 goblins
  12 hobgoblins
  A jackal (D:7)
  17 bats
  4 giant cockroaches
  A giant cockroach zombie (D:5)
  3 giant geckos
  A giant gecko skeleton (D:4)
  4 giant newts
  8 kobolds
  3 rats (D:2)
108 creatures vanquished.

Notes
Turn   | Place    | Note
--------------------------------------------------------------
     0 | D:1      | 2d6 the Deep Dwarf Wanderer began the quest for the Orb.
     0 | D:1      | 2d6 set off with: a +2 scale mail, a +0 shortbow, 25 arrows, a scroll of teleportation, a wand of heal wounds (5), a bread ration
     0 | D:1      | Reached XP level 1. HP: 21/21 MP: 1/1
   284 | D:1      | Reached XP level 2. HP: 25/30 MP: 2/2
   719 | D:2      | Reached XP level 3. HP: 26/36 MP: 3/3
   730 | D:2      | Reached skill level 1 in Maces & Flails
  1029 | D:2      | Found a white marble altar of Elyvilon.
  1036 | D:2      | Became a worshipper of Elyvilon the Healer
  1147 | D:2      | Reached skill level 4 in Fighting
  1181 | D:2      | Reached XP level 4. HP: 26/44 MP: 4/4
  1401 | D:2      | Reached skill level 1 in Evocations
  1579 | D:3      | Reached skill level 1 in Invocations
  1652 | D:3      | Noticed Robin
  1653 | D:3      | Reached skill level 1 in Throwing
  1665 | D:3      | Killed Robin
  1778 | D:3      | Found a basalt altar of Yredelemnul.
  1987 | D:3      | Reached XP level 5. HP: 34/50 MP: 4/6
  2267 | D:3      | Found a faded altar to an unknown god.
  2302 | D:3      | Reached * piety under Elyvilon
  3004 | D:4      | Reached XP level 6. HP: 53/58 MP: 7/7
  3121 | D:4      | Found a sacrificial altar of Ru.
  3463 | D:4      | Reached ** piety under Elyvilon
  3777 | D:5      | Entered Level 5 of the Dungeon
  3785 | D:5      | Found a shadowy altar of Dithmenos.
  3851 | D:5      | Found a deep blue altar of Sif Muna.
  3957 | D:5      | Noticed a blink frog
  3957 | D:5      | a sky beast changed into a blink frog
  3987 | D:5      | Killed a blink frog
  3987 | D:5      | Reached XP level 7. HP: 15/66 MP: 5/9
  3989 | D:5      | Noticed Prince Ribbit
  4016 | D:5      | HP: 2/66 [worker ant (4)]
  4114 | D:7      | Was placed under penance by Elyvilon
  4143 | D:7      | Was forgiven by Elyvilon
  4181 | D:7      | Found a stormy altar of Qazlal.
  4423 | D:8      | HP: 3/66 [wight/enchanted flail (3)]
  4479 | D:8      | Noticed Erolcha
  4491 | D:8      | Killed from afar by Erolcha

Action                   |  1- 3 |  4- 6 |  7- 9 || total
-------------------------+-------+-------+-------++-------
Melee: Mace              |    90 |     6 |       ||    96
       Flail             |       |   233 |    68 ||   301
       Morningstar       |       |       |    21 ||    21
 Fire: Shortbow          |    45 |    63 |     8 ||   116
       Blowgun           |       |    17 |       ||    17
Throw: Stone             |    18 |    23 |     1 ||    42
Invok: Lesser Healing    |       |     1 |     2 ||     3
       Heal Other        |       |     1 |       ||     1
       Divine Protection |       |       |     3 ||     3
 Abil: Device Recharging |       |       |     1 ||     1
Evoke: Wand              |       |     3 |     5 ||     8
  Use: Scroll            |       |     4 |     1 ||     5
       Potion            |       |     1 |     3 ||     4
  Eat: Chunk             |     1 |     8 |     2 ||    11
       Fruit             |       |       |     1 ||     1
